 Dungeon Crawl Stone Soup version 0.17.0-28-g6e173f8 (webtiles) character file.

9296 HandofTrog the Bludgeoner (level 11, -2/130 HPs)
             Began as an Ogre Berserker on Dec 2, 2015.
             Was an Elder of Trog.
             Succumbed to Sonja's poison
             ... on level 1 of the Lair of Beasts.
             The game lasted 00:44:48 (12088 turns).

HandofTrog the Bludgeoner (Ogre Berserker)         Turns: 12088, Time: 00:44:48

Health: -2/130     AC:  7    Str: 24 (27) XL:     11   Next: 44%
Magic:  0/3        EV: 13    Int:  6      God:    Trog [****..]
Gold:   628        SH:  0    Dex: 15      Spells: 0 memorised, 10 levels left

rFire  . . .     SeeInvis +     R - +5 great mace (antimagic)
rCold  . . .     Clarity  .     A - +2 robe {MR+}
rNeg   . . .     SustAt   .     (shield currently unavailable)
rPois  .         Gourm    .     (helmet restricted)
rElec  .         Spirit   +     r - +1 cloak
rCorr  .         Warding  .     (gloves unavailable)
rMut   .         Stasis   .     (boots unavailable)
MR     ++++.                    M - amulet of guardian spirit
Stlth  ++........               P - +6 ring of dexterity
                                F - ring of see invisible

@: lethally poisoned (-2 -> -42), very slightly contaminated, regenerating,
hasted and slowed, drained, incredibly resistant to hostile enchantments,
unstealthy
A: unfitting armour, robust 1, spit poison 1, tough skin 1
a: Spit Poison, Berserk, Trog's Hand, Brothers in Arms, Burn Spellbooks,
Renounce Religion


You were on level 1 of the Lair of Beasts.
You worshipped Trog.
Trog was greatly pleased with you.
You were very hungry.

You visited 2 branches of the dungeon, and saw 11 of its levels.

You collected 628 gold pieces.

Inventory:

Hand Weapons
 a - a +0 mace
 h - a +1 whip of electrocution
 y - a +2 whip of freezing
 H - a -1 flail
 O - a +0 giant spiked club
 R - a +5 antimagic great mace (weapon)
Missiles
 N - 2 silver tomahawks (quivered)
Armour
 b - a +0 animal skin
 r - a +1 cloak (worn)
 A - a +2 robe of magic resistance (worn)
Jewellery
 m - an uncursed amulet of resist mutation
 F - a ring of see invisible (left hand)
 M - an amulet of guardian spirit (around neck)
 P - a +6 ring of dexterity (right hand)
Scrolls
 e - a scroll of fog
 i - a scroll of enchant armour
 k - 3 scrolls of teleportation
 l - 2 scrolls of remove curse
 o - 3 scrolls of fear {unknown}
 q - 2 scrolls of random uselessness {unknown}
 E - a scroll of amnesia {unknown}
 J - a scroll of enchant weapon {unknown}
 K - 5 scrolls of identify
 L - a scroll of torment {unknown}
 Q - 2 scrolls of immolation {unknown}
Potions
 g - 3 potions of curing
 n - a potion of cancellation
 s - 3 potions of brilliance {unknown}
 u - a potion of flight
 v - 2 potions of might
 w - a potion of magic {unknown}
 x - 4 potions of poison
 B - 3 potions of agility
 C - a potion of berserk rage {unknown}
 I - a potion of degeneration
Books
 G - a Young Poisoner's Handbook

   Spells                             Type                      Level
   a - Sting                          Conjuration/Poison           1
   b - Cure Poison                    Poison                       2
   c - Mephitic Cloud                 Conjuration/Poison/Air       3
   d - Olgreb's Toxic Radiance        Poison                       4
   e - Venom Bolt                     Conjuration/Poison           5
   Trog disapproves of the use of such an item.
 S - a book of Changes

   Spells                             Type                      Level
   a - Beastly Appendage              Transmutation                1
   b - Sticks to Snakes               Transmutation                2
   c - Spider Form                    Transmutation/Poison         3
   d - Ice Form                       Ice/Transmutation            4
   e - Blade Hands                    Transmutation                5
   Trog disapproves of the use of such an item.
Comestibles
 c - 7 bread rations
 f - 19 fruits
 p - 3 slices of pizza
 t - 3 royal jellies
 z - 10 beef jerkies
 D - 4 meat rations


   Skills:
 - Level 10.7(9.3) Fighting
 + Level 17.2(15.6) Maces & Flails
 - Level 7.4(6.2) Dodging


You had 10 spell levels left.
You didn't know any spells.

Dungeon Overview and Level Annotations

Branches:
Dungeon (10/15)            Temple (0/1) D:6            Lair (1/8) D:8
    Orc: D:9-12

Altars:
Ashenzari
Fedhas
Makhleb
Qazlal
Ru
Sif Muna
Vehumet
Xom
Yredelemnul

Annotations:
Lair:1 Sonja


Innate Abilities, Weirdness & Mutations

You are too large for most types of armour.
You have tough skin (AC +1).
You are robust (+10% HP).
You can spit weak poison.


Message History

* * * LOW HITPOINT WARNING * * *
Sonja unwields an uncursed blowgun.
Sonja wields an uncursed dagger of venom.
It begins to drip with poison!
Sonja hits you but does no damage. Sonja completely misses you.
Sonja hits you but does no damage.
Drink which item? (? for menu, Esc to quit)
It was a potion of haste.
You feel yourself speed up.
* * * LOW HITPOINT WARNING * * *
You feel extremely sick.
Sonja zaps a wand.
Nothing appears to happen.
Sonja hits you but does no damage.
You are more poisoned.
Sonja barely misses you. Sonja hits you but does no damage.
You are more poisoned.
You are very lightly contaminated with residual magic.
Drink which item? (? for menu, Esc to quit)
It was a potion of degeneration.
There was something very wrong with that liquid.
You feel weakened.
You die...

.....## #...[.#
#.....######..
#............. # #####
#.............
#####.#.###............
...........(.........
............(..#K#(#)#P.
.............((.@.......
...............#........
...............##P+#####
....................
#####..########P##..#
#### ## ###


You could see Sonja.

Vanquished Creatures
  An unseen horror (D:10)
  A hill giant (D:10)
  Pikel (D:5)
  The ghost of emiel the Cleaver, a novice NaFi of Cheibriados (D:6)
  A spiny frog (Lair:1)
  2 trolls
  A two-headed ogre (D:10)
  Sigmund (D:6)
  A trapdoor spider (D:10)
  2 wyverns (D:10)
  6 yaks
  2 hippogriffs
  Menkaure (D:7)
  A porcupine (Lair:1)
  3 sky beasts
  2 slaves (D:5)
  An eye of draining (D:8)
  6 ogres
  4 orc warriors
  A black bear (D:9)
  A necrophage (D:6)
  2 phantoms
  A crocodile (Lair:1)
  7 centaurs
  A big kobold (D:8)
  A gnoll sergeant (D:5)
  3 giant frogs (D:7)
  3 scorpions
  3 wights (D:8)
  10 crimson imps
  A gnoll shaman (D:5)
  2 centaur skeletons
  2 centaur zombies (D:8)
  A giant frog zombie (D:7)
  5 giant frog skeletons
  3 hounds
  A jelly (D:8)
  8 orc priests
  6 orc wizards
  3 worker ants
  2 iguanas
  A hound skeleton (D:4)
  A worker ant zombie (D:6)
  17 gnolls
  4 adders
  6 shadow imps
  An adder skeleton (D:4)
  An adder zombie (D:6)
  5 worms
  4 giant geckos
  43 orcs
  9 giant cockroaches
  7 goblins
  6 hobgoblins
  9 jackals
  12 kobolds
  7 quokkas
  A ball python (D:3)
  6 bats
  3 giant newts
  A quokka zombie (D:5)
  13 rats
262 creatures vanquished.

Vanquished Creatures (others)
  A hound skeleton (D:5)
  A fungus (Lair:1)
2 creatures vanquished.

Grand Total: 264 creatures vanquished

Notes
Turn   | Place    | Note
--------------------------------------------------------------
     0 | D:1      | HandofTrog the Ogre Berserker began the quest for the Orb.
     0 | D:1      | Reached XP level 1. HP: 24/24 MP: 1/1
   306 | D:1      | Reached XP level 2. HP: 32/32 MP: 2/2
  1007 | D:2      | Reached ** piety under Trog
  1007 | D:2      | Reached XP level 3. HP: 38/40 MP: 3/3
  1238 | D:2      | Reached skill level 5 in Maces & Flails
  1631 | D:3      | Found a blossoming altar of Fedhas.
  1670 | D:3      | Reached XP level 4. HP: 33/49 MP: 4/4
  1704 | D:3      | Found a burning altar of Makhleb.
  1740 | D:3      | Reached skill level 5 in Fighting
  1740 | D:3      | Reached skill level 6 in Maces & Flails
  1740 | D:3      | Reached XP level 5. HP: 50/57 MP: 5/5
  1997 | D:3      | Reached *** piety under Trog
  2532 | D:3      | Gained mutation: You can spit weak poison. [potion of beneficial mutation]
  2533 | D:3      | Gained mutation: You are robust (+10% HP). [potion of beneficial mutation]
  2611 | D:4      | Reached XP level 6. HP: 23/72 MP: 6/6
  2955 | D:4      | Reached skill level 7 in Maces & Flails
  3429 | D:4      | Reached skill level 8 in Maces & Flails
  3429 | D:4      | Reached XP level 7. HP: 53/82 MP: 7/7
  3449 | D:5      | Entered Level 5 of the Dungeon
  3449 | D:5      | Noticed Pikel
  3473 | D:5      | Killed Pikel
  3473 | D:5      | Reached skill level 9 in Maces & Flails
  3473 | D:5      | Reached XP level 8. HP: 65/95 MP: 8/8
  3920 | D:5      | Reached **** piety under Trog
  3967 | D:5      | Reached skill level 5 in Dodging
  4106 | D:5      | Reached skill level 10 in Maces & Flails
  4531 | D:6      | Noticed emiel's ghost (novice NaFi)
  4564 | D:6      | Killed emiel's ghost
  4564 | D:6      | Reached XP level 9. HP: 70/106 MP: 9/9
  4840 | D:6      | Reached skill level 11 in Maces & Flails
  4899 | D:6      | Noticed Sigmund
  4918 | D:6      | Killed Sigmund
  5821 | D:6      | Found a shattered altar of Ashenzari.
  5990 | D:6      | Found a staircase to the Ecumenical Temple.
  6054 | D:6      | Reached skill level 12 in Maces & Flails
  6670 | D:7      | Found a shimmering altar of Xom.
  6670 | D:7      | Found a shimmering altar of Xom.
  6671 | D:7      | Found a shimmering altar of Xom.
  6671 | D:7      | Found a shimmering altar of Xom.
  6671 | D:7      | Found a shimmering altar of Xom.
  6671 | D:7      | Found a shimmering altar of Xom.
  6672 | D:7      | Found a shimmering altar of Xom.
  6810 | D:7      | Found a sacrificial altar of Ru.
  6870 | D:7      | Noticed Menkaure
  6881 | D:7      | Killed Menkaure
  6881 | D:7      | Reached XP level 10. HP: 121/121 MP: 10/10
  7023 | D:7      | Reached skill level 10 in Fighting
  7023 | D:7      | Reached skill level 13 in Maces & Flails
  7720 | D:8      | Found a stormy altar of Qazlal.
  7877 | D:8      | Found a radiant altar of Vehumet.
  7947 | D:8      | Found a staircase to the Lair.
  8293 | D:8      | Found a basalt altar of Yredelemnul.
  8556 | D:8      | Reached skill level 14 in Maces & Flails
  9121 | D:8      | Reached ***** piety under Trog
  9273 | D:9      | Received a gift from Trog
  9280 | D:9      | Reached skill level 15 in Maces & Flails
  9760 | D:9      | Found a deep blue altar of Sif Muna.
  9780 | D:10     | Entered Level 10 of the Dungeon
  9900 | D:10     | Reached XP level 11. HP: 106/130 MP: 2/11
 10375 | D:10     | Noticed an unseen horror
 10388 | D:10     | Killed an unseen horror
 10388 | D:10     | Reached skill level 16 in Maces & Flails
 11109 | D:10     | Noticed a hill giant
 11119 | D:10     | Killed a hill giant
 11296 | Lair:1   | Entered Level 1 of the Lair of Beasts
 11466 | Lair:1   | Reached skill level 17 in Maces & Flails
 11782 | Lair:1   | Noticed an eight-headed hydra
 12077 | Lair:1   | Noticed Sonja
 12087 | Lair:1   | HP: 2/130 [poisoned by Sonja (curare-tipped needle)]
 12088 | Lair:1   | Succumbed to Sonja's poison

Action                   |  1- 3 |  4- 6 |  7- 9 | 10-12 || total
-------------------------+-------+-------+-------+-------++-------
Melee: Mace              |    91 |       |       |       ||    91
       Whip              |    35 |   177 |   410 |    89 ||   711
       Giant spiked club |       |       |       |   113 ||   113
       Great mace        |       |       |       |    78 ||    78
Throw: Tomahawk          |       |       |       |     9 ||     9
Invok: Trog's Hand       |     1 |       |     2 |     4 ||     7
       Berserk           |       |       |     2 |     3 ||     5
       Brothers in Arms  |       |       |       |     1 ||     1
 Abil: Spit Poison       |       |     1 |       |       ||     1
  Use: Scroll            |     3 |     4 |     5 |     3 ||    15
       Potion            |       |     3 |       |     7 ||    10
  Eat: Chunk             |     2 |     3 |     8 |    10 ||    23
       Bread ration      |       |     1 |     1 |     2 ||     4
